 Dungeon Crawl Stone Soup version 0.21-a0-472-g223bcb9 (webtiles) character file.

58 slep the Slasher (level 4, 0/37 HPs)
             Began as a Barachi Monk on Nov 22, 2017.
             Succumbed to an adder's poison
             ... on level 2 of the Dungeon.
             The game lasted 00:04:51 (873 turns).

slep the Slasher (Barachi Monk)                      Turns: 873, Time: 00:04:52

Health: 0/37       AC:  6    Str: 18    XL:     4   Next: 2%
Magic:  4/4        EV: 13    Int: 15    God:
Gold:   65         SH:  0    Dex: 15    Spells: 3/3 levels left

rFire    . . .     SeeInvis .   a - +0 falchion
rCold    . . .     Gourm    .   (no shield)
rNeg     . . .     Faith    .   k - +0 ring mail
rPois    .         Spirit   .   (no helmet)
rElec    .         Reflect  .   i - +0 cloak
rCorr    .         Harm     .   (no gloves)
MR       .....                  (no boots)
Stlth    +.........             (no amulet)
HPRegen  0.12/turn              (no ring)
MPRegen  0.09/turn              (no ring)

@: mighty, brilliant, lethally poisoned (0 -> -7), very slightly contaminated,
invisible, slow
A: +LOS, swims, slowness 1, strong legs 1
a: Hop


You were on level 2 of the Dungeon.
You were hungry.

You visited 1 branch of the dungeon, and saw 2 of its levels.

You collected 65 gold pieces.

Inventory:

Hand Weapons
 a - a +0 falchion (weapon)
Missiles
 g - 2 javelins (quivered)
Armour
 b - a +0 robe
 i - a +0 cloak (worn)
 k - a +0 ring mail (worn)
Scrolls
 e - a scroll of immolation {unknown}
 h - 2 scrolls of remove curse {unknown}
 n - a scroll of fear {unknown}
Comestibles
 c - 2 bread rations
 d - a meat ration
 j - a royal jelly


   Skills:
 + Level 4.1 Fighting
 + Level 4.5 Long Blades
 + Level 0.3 Throwing
 + Level 0.3 Armour
 + Level 3.9 Dodging
 + Level 2.0 Stealth


You had 3 spell levels left.
You didn't know any spells.

Dungeon Overview and Level Annotations

Branches:
Dungeon (2/15)

Altars:


Innate Abilities, Weirdness & Mutations

Shadows flee at your approach. (+LOS)
You can swim through water.
You cover ground slowly.
You can hop short distances.


Message History

The adder is severely wounded.
You are very lightly contaminated with residual magic.
You hit the adder.
The adder is severely wounded.
* * * LOW HITPOINT WARNING * * *
You feel sick. The adder closely misses you.
You riposte.
You catch the helpless adder completely off-guard!
You hit the adder.
You kill the adder!
Your Stealth skill increases to level 2!
You have reached level 4!
You feel stronger.
There is a lethal amount of poison in your body!
It was a potion of brilliance.
You feel clever all of a sudden.
* * * LOW HITPOINT WARNING * * *
You feel sick.
It was a potion of might.
You feel very mighty all of a sudden.
You die...

#..# #.#
####..#####.#
#.........#.##
#.##(........#
# ##.###.#..#
#
#.###.#..##.#
#...........#
#####.#..#..#
#.#@.# #.#†.#
..#....
####.....
###.... #####


There were no monsters in sight!

Vanquished Creatures
  2 adders (D:2)
  A worm (D:2)
  A dart slug (D:1)
  2 leopard geckos (D:1)
  4 giant cockroaches (D:1)
  6 goblins (D:1)
  7 hobgoblins
  3 bats (D:1)
  4 kobolds
  2 rats (D:1)
32 creatures vanquished.

Notes
Turn   | Place    | Note
-------+----------+-------------------------------------------
     0 | D:1      | slep the Barachi Monk began the quest for the Orb.
     0 | D:1      | Reached XP level 1. HP: 18/18 MP: 1/1
    94 | D:1      | Reached XP level 2. HP: 7/25 MP: 2/2
   329 | D:1      | Reached XP level 3. HP: 20/30 MP: 3/3
   871 | D:2      | Reached XP level 4. HP: 2/37 MP: 4/4
   872 | D:2      | HP: 1/37 [poisoned by an adder]
   873 | D:2      | Succumbed to an adder's poison

Vault maps used:
D:1:      minmay_arrival_diagonal_passages
D:2:      minmay_tripent

Skill      XL: |  1  2  3 |
---------------+----------+-----
Long Blades    | 4 |  4.5
Fighting       | 4 |  4.1
Stealth        | 2 |  2.0
Throwing       | |  0.3
Armour         | |  0.3
Dodging        | |  3.9

Action                   |  1- 3 |  4- 6 || total
-------------------------+-------+-------++-------
Melee: Falchion          |   104 |       ||   104
Throw: Javelin           |    10 |       ||    10
  Use: Potion            |     1 |     2 ||     3
 Stab: Sleeping          |     3 |       ||     3
       Invisible         |     2 |       ||     2
Armor: Robe              |    15 |       ||    15
       Ring mail         |     8 |       ||     8
Dodge: Dodged            |    67 |       ||    67
       Rpst.: Falchion   |    30 |       ||    30

Table legend:
 A = Spawn XP
 B = Non-spawn XP
 C = Spawn XP percentage of total XP
 D = Spawn monster count
 E = Non-spawn monster count
 F = Spawn count percentage of total count
 G = Total turns spent on level
                    A         B        C        D         E        F      G
               +---------+---------+-------+---------+---------+-------+---------
         Total |       0 |      84 |   0.0 |       0 |      32 |   0.0 |   873
               +---------+---------+-------+---------+---------+-------+---------
           D:1 |       0 |      47 |   0.0 |       0 |      26 |   0.0 |   716
           D:2 |       0 |      37 |   0.0 |       0 |       6 |   0.0 |   157
               +---------+---------+-------+---------+---------+-------+---------
